 Dungeon Crawl Stone Soup version 0.29.1-2-gbd0b4ee654 (webtiles) character file.

Game seed: 1695422782489929968

11 2021koboldassassin the Sneak (level 2, 17/17 HPs)
             Began as a Kobold Brigand on Nov 12, 2022.
             Quit the game on level 1 of the Dungeon.
             The game lasted 00:00:46 (1042 turns).

2021koboldassassin the Sneak (Kobold Brigand)       Turns: 1042, Time: 00:00:47

Health: 17/17      AC:  3    Str:  8    XL:     2   Next: 40%
Magic:  2/2        EV: 14    Int: 12    God:
Gold:   33         SH:  0    Dex: 16    Spells: 1/1 levels left

rFire   . . .      SeeInvis .   a - +2 dagger
rCold   . . .      Faith    .   (no shield)
rNeg    . . .      Spirit   .   b - +0 robe
rPois   .          Reflect  .   (no helmet)
rElec   .          Harm     .   c - +0 cloak
rCorr   .          Rampage  .   (no gloves)
Will    .....                   (no boots)
Stlth   ++++......              (no amulet)
HPRegen 0.05/turn               (no ring)
MPRegen 0.08/turn               (no ring)

@: no status effects
A: small, no large weapons, nightstalker 3
a: no special abilities


You were on level 1 of the Dungeon.
You visited 1 branch of the dungeon, and saw 1 of its levels.

You collected 33 gold pieces.

Inventory:

Hand Weapons
 a - a +2 dagger (weapon)
Missiles
 d - 9 poisoned darts (quivered)
 e - 3 curare-tipped darts
Armour
 b - a +0 robe (worn)
 c - a +0 cloak (worn)
Jewellery
 l - a ring of wizardry
Scrolls
 f - a scroll of poison {unknown}
 g - a scroll of enchant armour {unknown}
 i - 2 scrolls of identify {unknown}
 j - a scroll of immolation {unknown}
Potions
 h - a potion of resistance {unknown}
 k - a potion of curing {unknown}


   Skills:
 - Level 2.1 Fighting
 + Level 3.9 Short Blades
 - Level 2.1 Throwing
 - Level 1.2 Dodging
 - Level 5.3 Stealth


You had one spell level left.
You didn't know any spells.
Your spell library contained the following spells:

 Spells                   Type           Power      Damage    Failure   Level
 Summon Small Mammal      Summ           0%         N/A       32%         1
 Call Canine Familiar     Summ           0%         N/A       69%         3
 Summon Guardian Golem    Hex/Summ       0%         N/A       69%         3


Dungeon Overview and Level Annotations

Branches:
Dungeon (1/15)

Altars:


Innate Abilities, Weirdness & Mutations

You are small and have problems with some larger weapons.
You are completely attuned to the shadows.


Message History

You see here a +0 falchion.
You now have 31 gold pieces (gained 9).
You now have 33 gold pieces (gained 2).
A goblin comes into view. It is wielding a +0 dagger.
A goblin is nearby!
The helpless goblin fails to defend itself.
You perforate the goblin like a sieve!!!
You kill the goblin!
You see here a +0 dagger.
You enter the shallow water.
Moving in this stuff is going to be slow.
You enter the shallow water.
Moving in this stuff is going to be slow.
You enter the shallow water.
Moving in this stuff is going to be slow.
You enter the shallow water.
Moving in this stuff is going to be slow.
You enter the shallow water.
Moving in this stuff is going to be slow.
You see here a rat skeleton.
You open the door.
There is an open door here.
j - a scroll labelled HARIUGHA PYNAF
There is an open door here.
There is an escape hatch in the floor here.
There is a stone staircase leading down here.
You enter the shallow water.
Moving in this stuff is going to be slow.
k - a lumpy cyan potion You enter the shallow water.
Moving in this stuff is going to be slow.
You enter the shallow water.
Moving in this stuff is going to be slow.
l - a ring of wizardry
There is a dry fountain here.
You enter the shallow water.
Moving in this stuff is going to be slow.
Partly explored, can't reach some places.
Partly explored, can't reach some places.
Are you sure you want to abandon this character and quit the game? (Confirm with "yes".)

#...................#
##########.#################.#
............# #.#
##########.## #.# #.#≈### #.#
#.#≈≈≈## #.# # #.###≈≈# #.#
### #..##≈≈##### #.# ..#####
#..#.≈≈@...# #.# ......#
#....≈≈~##.# #.# ..###.#
#...~~~..#.# #.# ..# #.#
#....~~....# #.# ..#
#.####.~..~..~..# #.# ..#
#.#......~.~~...# #.#
+####.#.###~...≈.~..########.#
...............≈............>#
.####.#.#...~.≈≈.~..########.#


There were no monsters in sight!

Vanquished Creatures
  A dart slug (D:1)
  A goblin (D:1)
  4 jackals (D:1)
  A ball python (D:1)
  A kobold (D:1)
  A rat (D:1)
9 creatures vanquished.

Notes
Turn   | Place    | Note
-------+----------+-------------------------------------------
     0 | D:1      | 2021koboldassassin the Kobold Brigand began the quest for
                  | the Orb.
     0 | D:1      | Reached XP level 1. HP: 12/12 MP: 1/1
   245 | D:1      | Reached XP level 2. HP: 13/17 MP: 2/2
  1042 | D:1      | Quit the game

Illustrated notes

Levels and vault maps discovered:
D:1:      eino_arrival_cavern_a, layout_basic, serial_rivers,
          chequers_serial_rivers_small_3, chequers_serial_rivers_room_a,
          chequers_serial_rivers_marsh, chequers_serial_rivers_marsh

Skill      XL: |  1 |
---------------+----+-----
Short Blades   | 3 |  3.9
Fighting       | |  2.1
Throwing       | |  2.1
Dodging        | |  1.2
Stealth        | |  5.3

Action                   || total
-------------------------++-------
Melee: Dagger            ||    26
 Stab: Sleeping          ||     4
Armor: Robe              ||     3
Dodge: Dodged            ||    19
